 Dungeon Crawl Stone Soup version 0.32-a0-128-g77eb882913 (webtiles) character file.

Game seed: 4804771019832962617

43 jestert79 the Charlatan (level 3, 0/17 HPs)
             Began as a Vine Stalker Artificer on Feb 8, 2024.
             Slain by a hobgoblin (1 damage)
             ... on level 2 of the Dungeon.
             The game lasted 00:02:46 (1018 turns).

jestert79 the Charlatan (Vine Stalker Artificer)    Turns: 1018, Time: 00:02:49

Health: 0/17       AC:  3    Str: 14    XL:     3   Next: 58%
Magic:  0/4        EV: 11    Int: 13    God:
Gold:   67         SH:  0    Dex: 20    Spells: 2/2 levels left

rFire   . .          .
                       - Unarmed
rCold   . . .        (no shield)
rNeg    . . .        b - +0 leather armour
rPois   .            (no helmet)
rElec   .            (no cloak)
rCorr   .            (no gloves)
SInv    .            (no boots)
Will    .....        (no amulet)
Stlth   ++           n - +6 ring of dexterity
HPRegen 1.02/turn    (no ring)
MPRegen 0.09/turn

%: guardian spirit
@: lethally poisoned (0 -> -1)
A: fangs 2, regeneration 1, magic shield, antimagic bite, no potion heal 2
a: no special abilities


You were on level 2 of the Dungeon.
You visited 1 branch of the dungeon, and saw 2 of its levels.

You collected 67 gold pieces.

Inventory:

Hand Weapons
 a - a +0 club
Missiles
 i - 7 stones
 m - 2 poisoned darts
Armour
 b - a +0 leather armour (worn)
Jewellery
 n - a +6 ring of dexterity (left hand)
Wands
 c - a wand of flame (15) (quivered)
 d - a wand of charming (15)
 e - a wand of iceblast (5)
Scrolls
 f - 3 scrolls of identify {unknown}
 g - 2 scrolls of enchant weapon {unknown}
 h - 2 scrolls of teleportation {unknown}
 k - a scroll of silence {unknown}
 l - a scroll of noise {unknown}
Potions
 j - a potion of might {unknown}


   Skills:
 - Level 0.8 Fighting
 - Level 1.5 Armour
 - Level 0.7 Dodging
 - Level 1.2 Stealth
 + Level 2.8 Unarmed Combat
 - Level 3.0 Evocations


You had 2 spell levels left.
You didn't know any spells.
Your spell library was empty.

Dungeon Overview and Level Annotations

Branches:
Dungeon (2/15)

Altars:


Innate Abilities, Weirdness & Mutations

You have extremely sharp teeth.
Your natural rate of healing is unusually fast.
When hurt, damage is shared between your health and your magic reserves.
Your bite disrupts and absorbs the magic of your enemies.
Potions cannot restore your health.


Message History

The adder is heavily wounded.
You feel sick. The adder bites you.
You are more poisoned.
The adder poisons you!
You miss the adder.
The adder is heavily wounded.
You feel sick. The adder closely misses you. The hobgoblin barely misses you.
The hobgoblin hits you but does no damage.
The adder completely misses you.
You miss the adder.
The adder is heavily wounded.
You feel sick. The hobgoblin completely misses you. The hobgoblin hits you.
The adder bites you.
Unknown command.
Unknown command.
You closely miss the adder.
The adder is heavily wounded.
You feel sick. The hobgoblin hits you.
The hobgoblin hits you but does no damage.
The adder barely misses you.
Unknown command.
You closely miss the hobgoblin. Your bite misses the hobgoblin.
You feel sick. The adder closely misses you. The hobgoblin hits you.
* * * LOW HITPOINT WARNING * * *
The hobgoblin hits you.
* * * LOW HITPOINT WARNING * * *
Unknown command.
You barely miss the adder.
The adder is heavily wounded.
You feel sick. The adder closely misses you. The hobgoblin hits you.
* * * LOW HITPOINT WARNING * * *
The hobgoblin closely misses you. The adder bites you.
* * * LOW HITPOINT WARNING * * *
You closely miss the adder.
The adder is heavily wounded.
* * * LOW HITPOINT WARNING * * *
You feel sick.
The hobgoblin hits you but does no damage.
The hobgoblin hits you.
You die...

.. .# .. ##. ## ..
..# #.##.# #Sg..#
##g@# #...## . ..#
###.#..# . ....
...##.# #.....
##..##<# #.....
....##.######
#.....
#.##[#...#...##
...>..
###..##..........##
#..... #...
##..........[#


You could see an adder and 2 hobgoblins.

Vanquished Creatures
  A ribbon worm (D:2)
  A dart slug (D:1)
  7 ball pythons
  An endoplasm (D:2)
  2 giant cockroaches (D:1)
  3 goblins
  5 hobgoblins
  2 quokkas (D:2)
  6 bats
  3 frilled lizards (D:1)
  3 kobolds (D:1)
  A rat (D:2)
35 creatures vanquished.

Notes
Turn   | Place    | Note
-------+----------+-------------------------------------------
     0 | D:1      | jestert79 the Vine Stalker Artificer began the quest for
                  | the Orb.
     0 | D:1      | Reached XP level 1. HP: 9/9 MP: 2/2
   229 | D:1      | Reached skill level 1 in Unarmed Combat
   229 | D:1      | Reached XP level 2. HP: 8/14 MP: 3/3
   233 | D:1      | Reached skill level 3 in Evocations
   549 | D:1      | Reached XP level 3. HP: 17/17 MP: 4/4
  1018 | D:2      | Slain by a hobgoblin

Illustrated notes

Levels and vault maps discovered:
D:1:      beargit_arrival_diablo_church, layout_basic, minmay_hedge_maze,
          solitary_fountain
D:2:      layout_rooms, nicolae_titane, uniq_robin

Skill      XL: |  1  2 |
---------------+-------+-----
Unarmed Combat | 1 2 |  2.8
Evocations     | 3 |  3.0
Fighting       | |  0.8
Armour         | |  1.5
Dodging        | |  0.7
Stealth        | |  1.2

Action                     || total
---------------------------++-------
  Melee: Unarmed           ||   118
         Bite              ||    29
         Punch             ||     2
   Stab: Sleeping          ||     2
 Armour: Leather armour    ||    70
  Dodge: Dodged            ||    68

Table legend: (Time is in decaauts)
 A = Elapsed time spent in this place.
 B = Non-inter-level travel time spent in this place.
 C = Inter-level travel time spent in this place.
 D = Time resting spent in this place.
 E = Time spent auto-exploring this place.
 F = Levels seen in this place.
 G = Mean time per level.
                   A        B        C        D        E       F      G
               +--------+--------+--------+--------+--------+-----+--------+
         Total |   1013 |    969 |     44 |     17 |    633 |   2 |  506.5 |
       Dungeon |   1013 |    969 |     44 |     17 |    633 |   2 |  506.5 |
               +--------+--------+--------+--------+--------+-----+--------+

Top non-repeatable levels by time:
     D:1: 820 daAuts
     D:2: 192 daAuts
